| Goals | Penalties |
No Goal
|
No Penalty
|
1. Silver Knights , Justin Brazeau 1 (Egor Sokolov 2, Reese Johnson 1) at 4:22
2. Silver Knights , Joey Anderson 6 (Brandon Biro 2) at 4:57
3. Griffins , T.J. Tynan 2 (Jiri Kulich 2, Jacob MacDonald 1) at 7:54
|
Mason Geertsen (DET) for Roughing (Minor) at 16:56
|
4. Griffins , Brett Chorske 1 (Keean Washkurak 1, Tim Gettinger 2) at 6:46
|
Reese Johnson (CHI) for Tripping (Minor) at 19:56
|
5. Silver Knights , Mitchell Chaffee 4 (Joey Anderson 5, Roland McKeown 1) at 0:42 (SH)
|
No Penalty
|
|
Remi Poirier (CHI), 28 saves from 30 shots - (0,933), W, 3-0-1, 60:42 minutes
Sebastian Cossa (DET), 17 saves from 20 shots - (0,850), OTL, 0-0-1, 60:42 minutes
|
|
1 - Joey Anderson (CHI)
2 - Mitchell Chaffee (CHI)
3 - Justin Brazeau (CHI)
|
Referees : Melissa Doyle and Riley Brace
Linesman : Kilian McNamara and Luke Pye
|
|
| No Game Note
|
| Team Name |
Goals |
Shots |
Shots Attemp |
Shots Blocked |
PIM |
HIT |
PP |
PK |
FO% |
| Silver Knights |
3 | 20 | 42 | 15 | 2 | 23 | 0 / 1 (0%) | 0 | 48% |
| Griffins |
2 | 30 | 75 | 9 | 2 | 25 | 0 / 1 (0%) | 0 | 52% |
Silver Knights
| Player Name |
POS |
G |
A |
P |
+/- |
PIM |
HIT |
SHT |
SB |
MP |
PP MP |
PP SHT |
PK MP |
PK SHT |
FO% |
FOT |
GA |
TA |
| Akil Thomas | C/RW | 0 | 0 | 0 | 0 | 0 | 3 | 0 | 1 | 20:47 | 0:53 | 0 | 0:00 | 0 | 47% |
17 | 1 | 0 |
| Brandon Biro | LW | 0 | 1 | 1 | 0 | 0 | 2 | 3 | 1 | 19:23 | 0:11 | 0 | 0:00 | 0 | 0% |
0 | 0 | 1 |
| Derrick Pouliot | D | 0 | 0 | 0 | 1 | 0 | 1 | 1 | 1 | 20:53 | 0:49 | 0 | 0:17 | 0 | 0% |
0 | 0 | 1 |
| Drew Helleson | D | 0 | 0 | 0 | 0 | 0 | 0 | 3 | 1 | 25:18 | 1:10 | 1 | 0:28 | 0 | 0% |
0 | 1 | 1 |
| Egor Sokolov | LW | 0 | 1 | 1 | 0 | 0 | 3 | 2 | 0 | 21:22 | 0:58 | 0 | 0:00 | 0 | 100% |
1 | 1 | 1 |
| Emil Andrae | D | 0 | 0 | 0 | 0 | 0 | 0 | 1 | 2 | 25:25 | 1:10 | 0 | 0:28 | 0 | 0% |
0 | 0 | 0 |
| Joey Anderson | LW/RW | 1 | 1 | 2 | 0 | 0 | 4 | 2 | 2 | 25:45 | 0:50 | 0 | 0:40 | 0 | 40% |
5 | 1 | 2 |
| Justin Brazeau | RW | 1 | 0 | 1 | 0 | 0 | 2 | 6 | 1 | 23:09 | 0:58 | 0 | 0:00 | 0 | 0% |
1 | 0 | 1 |
| Lucas Carlsson | D | 0 | 0 | 0 | 0 | 0 | 1 | 0 | 0 | 14:37 | 0:00 | 0 | 0:00 | 0 | 0% |
0 | 0 | 0 |
| Lucas Condotta | C/LW | 0 | 0 | 0 | 0 | 0 | 1 | 0 | 2 | 16:04 | 0:08 | 0 | 0:00 | 0 | 45% |
11 | 1 | 1 |
| Max Crozier | D | 0 | 0 | 0 | 0 | 0 | 0 | 0 | 0 | 0:00 | 0:00 | 0 | 0:00 | 0 | 0% |
0 | 0 | 0 |
| Mike Hardman | LW | 0 | 0 | 0 | 0 | 0 | 0 | 0 | 0 | 4:26 | 0:00 | 0 | 0:00 | 0 | 0% |
0 | 0 | 0 |
| Mitchell Chaffee | RW | 1 | 0 | 1 | 1 | 0 | 2 | 1 | 1 | 22:14 | 0:54 | 0 | 0:08 | 1 | 0% |
0 | 0 | 0 |
| Reese Johnson | C | 0 | 1 | 1 | 0 | 2 | 4 | 0 | 0 | 21:23 | 0:58 | 0 | 0:00 | 0 | 54% |
13 | 1 | 0 |
| Roland McKeown | D | 0 | 1 | 1 | 1 | 0 | 0 | 0 | 1 | 20:49 | 0:49 | 0 | 0:17 | 0 | 0% |
0 | 0 | 1 |
| Scott Morrow | D | 0 | 0 | 0 | 0 | 0 | 0 | 0 | 1 | 4:48 | 0:07 | 0 | 0:00 | 0 | 0% |
0 | 0 | 0 |
| William Villeneuve | D | 0 | 0 | 0 | 0 | 0 | 0 | 1 | 1 | 14:25 | 0:00 | 0 | 0:00 | 0 | 0% |
0 | 0 | 1 |
| Zach Metsa | D | 0 | 0 | 0 | 0 | 0 | 0 | 0 | 0 | 1:14 | 0:00 | 0 | 0:00 | 0 | 0% |
0 | 0 | 0 |
Griffins
| Player Name |
POS |
G |
A |
P |
+/- |
PIM |
HIT |
SHT |
SB |
MP |
PP MP |
PP SHT |
PK MP |
PK SHT |
FO% |
FOT |
GA |
TA |
| Aaron Ness | D | 0 | 0 | 0 | -1 | 0 | 0 | 0 | 0 | 16:55 | 0:00 | 0 | 0:54 | 0 | 0% |
0 | 0 | 0 |
| Anton Wahlberg | C/LW | 0 | 0 | 0 | -1 | 0 | 1 | 1 | 1 | 17:52 | 0:00 | 0 | 0:20 | 0 | 0% |
0 | 1 | 0 |
| Brett Chorske | C/LW/RW | 1 | 0 | 1 | 1 | 0 | 1 | 1 | 0 | 9:04 | 0:00 | 0 | 0:20 | 0 | 0% |
0 | 0 | 1 |
| Cole Schwindt | C/RW | 0 | 0 | 0 | -2 | 0 | 2 | 1 | 2 | 18:55 | 0:00 | 0 | 0:56 | 0 | 60% |
10 | 0 | 0 |
| Conor Geekie | C/RW | 0 | 0 | 0 | 1 | 0 | 2 | 2 | 0 | 19:09 | 0:03 | 0 | 0:43 | 0 | 0% |
1 | 1 | 1 |
| Elias Petterssen 2 | D | 0 | 0 | 0 | -1 | 0 | 0 | 0 | 0 | 20:28 | 0:00 | 0 | 0:00 | 0 | 0% |
0 | 0 | 1 |
| Emil Heineman | LW/RW | 0 | 0 | 0 | -2 | 0 | 3 | 8 | 0 | 18:55 | 0:00 | 0 | 0:56 | 0 | 0% |
0 | 1 | 0 |
| Francesco Pinelli | C | 0 | 0 | 0 | -1 | 0 | 2 | 1 | 0 | 13:34 | 0:00 | 0 | 0:00 | 0 | 45% |
11 | 1 | 0 |
| Jacob MacDonald | LW/D | 0 | 1 | 1 | 1 | 0 | 2 | 2 | 3 | 23:22 | 0:03 | 0 | 1:05 | 0 | 0% |
0 | 0 | 0 |
| Jacob Melanson | RW | 0 | 0 | 0 | -1 | 0 | 1 | 2 | 1 | 13:59 | 0:00 | 0 | 0:00 | 0 | 0% |
0 | 1 | 0 |
| Jiri Kulich | C/RW | 0 | 1 | 1 | 1 | 0 | 1 | 4 | 0 | 19:12 | 0:03 | 0 | 0:43 | 0 | 52% |
23 | 2 | 0 |
| Keean Washkurak | C | 0 | 1 | 1 | 1 | 0 | 1 | 2 | 0 | 8:44 | 0:00 | 0 | 0:00 | 0 | 67% |
3 | 0 | 0 |
| Mason Geertsen | LW/D | 0 | 0 | 0 | -1 | 2 | 2 | 0 | 0 | 13:52 | 0:00 | 0 | 0:00 | 0 | 0% |
0 | 0 | 0 |
| Sam Rinzel | D | 0 | 0 | 0 | -1 | 0 | 2 | 0 | 0 | 21:47 | 0:00 | 0 | 0:54 | 0 | 0% |
0 | 2 | 0 |
| T.J. Tynan | C | 1 | 0 | 1 | 1 | 0 | 1 | 2 | 0 | 17:24 | 0:03 | 0 | 0:00 | 0 | 0% |
0 | 0 | 0 |
| Tim Gettinger | LW | 0 | 1 | 1 | 1 | 0 | 1 | 2 | 0 | 8:44 | 0:00 | 0 | 0:00 | 0 | 0% |
0 | 0 | 0 |
| Topias Vilen | D | 0 | 0 | 0 | 1 | 0 | 1 | 2 | 2 | 23:19 | 0:03 | 0 | 1:05 | 0 | 0% |
0 | 1 | 1 |
| Xavier Bernard | D | 0 | 0 | 0 | -1 | 0 | 2 | 0 | 0 | 15:33 | 0:00 | 0 | 0:00 | 0 | 0% |
0 | 0 | 2 |
Silver Knights
| 5 vs 5 Forward |
|---|
| Line # | Left Wing | Center | Right Wing | PHY | DF | OF | Wanted % | Time % | Time Play |
| 1 | Joey Anderson | Akil Thomas | Mitchell Chaffee | 1 | 2 | 2 | 40 | 32% | 18:29
|
| 2 | Egor Sokolov | Reese Johnson | Justin Brazeau | 1 | 2 | 2 | 30 | 39% | 22:48
|
| 3 | Brandon Biro | Lucas Condotta | Joey Anderson | 1 | 2 | 2 | 20 | 25% | 14:13
|
| 4 | Justin Brazeau | Joey Anderson | Mitchell Chaffee | 1 | 2 | 2 | 10 | 4% | 2:28
|
| 5 vs 5 Defense |
|---|
| Line # | Defense | Defense | | PHY | DF | OF | Wanted % | Time % | Time Play |
| 1 | Drew Helleson | Emil Andrae | | 1 | 2 | 2 | 40 | 36% | 20:50
|
| 2 | Derrick Pouliot | Roland McKeown | | 1 | 2 | 2 | 30 | 34% | 19:36
|
| 3 | William Villeneuve | Lucas Carlsson | | 1 | 2 | 2 | 20 | 25% | 14:25
|
| 4 | Drew Helleson | Emil Andrae | | 1 | 2 | 2 | 10 | 5% | 3:07
|
| Power Play Forward |
|---|
| Line # | Left Wing | Center | Right Wing | PHY | DF | OF | Wanted % | Time % | Time Play |
| 1 | Joey Anderson | Akil Thomas | Mitchell Chaffee | 1 | 2 | 2 | 60 | 51% | 1:01
|
| 2 | Egor Sokolov | Reese Johnson | Justin Brazeau | 1 | 2 | 2 | 40 | 49% | 0:58
|
| Power Play Defense |
|---|
| Line # | Defense | Defense | | PHY | DF | OF | Wanted % | Time % | Time Play |
| 1 | Drew Helleson | Emil Andrae | | 1 | 2 | 2 | 60 | 59% | 1:10
|
| 2 | Derrick Pouliot | Roland McKeown | | 1 | 2 | 2 | 40 | 41% | 0:49
|
| Penalty Kill 4 Players Forward |
|---|
| Line # | Center | Wing | PHY | DF | OF | Wanted % | Time % | Time Play |
| 1 | Joey Anderson | Mitchell Chaffee | 1 | 2 | 2 | 60 | 100% | 0:03
|
| 2 | Justin Brazeau | Akil Thomas | 1 | 2 | 2 | 40 | 0% | 0:00
|
| Penalty Kill 4 Players Defense |
|---|
| Line # | Defense | Defense | PHY | DF | OF | Wanted % | Time % | Time Play |
| 1 | Drew Helleson | Emil Andrae | 1 | 2 | 2 | 60 | 100% | 0:03
|
| 2 | Derrick Pouliot | Roland McKeown | 1 | 2 | 2 | 40 | 0% | 0:00
|
| Penalty Kill 3 Players |
|---|
| Line # | Wing | PHY | DF | OF | Wanted % | Time % | Time Play | Defense | Defense | PHY | DF | OF | Wanted % | Time % | Time Play |
| 1 | Joey Anderson | 1 | 2 | 2 | 60 | 88% | 0:37
| Drew Helleson | Emil Andrae | 1 | 2 | 2 | 60 | 60% | 0:25
|
| 2 | Mitchell Chaffee | 1 | 2 | 2 | 40 | 12% | 0:05
| Derrick Pouliot | Roland McKeown | 1 | 2 | 2 | 40 | 40% | 0:17
|
| 4 vs 4 Forward |
|---|
| Line # | Center | Wing | PHY | DF | OF | Wanted % | Time % | Time Play |
| 1 | Joey Anderson | Mitchell Chaffee | 1 | 2 | 2 | 60 | 0% | 0:00
|
| 2 | Justin Brazeau | Akil Thomas | 1 | 2 | 2 | 40 | 0% | 0:00
|
| 4 vs 4 Defense |
|---|
| Line # | Defense | | PHY | DF | OF | Wanted % | Time % | Time Play |
| 1 | Drew Helleson | Emil Andrae | 1 | 2 | 2 | 60 | 0% | 0:00
|
| 2 | Derrick Pouliot | Roland McKeown | 1 | 2 | 2 | 40 | 0% | 0:00
|
| Last Minutes Offensive |
|---|
| Left Wing | Center | Right Wing | Defense | Defense |
| Joey Anderson | Akil Thomas | Mitchell Chaffee | Drew Helleson | Emil Andrae |
| Last Minutes Defensive |
|---|
| Left Wing | Center | Right Wing | Defense | Defense |
| Joey Anderson | Akil Thomas | Mitchell Chaffee | Drew Helleson | Emil Andrae |
| Time |
|---|
| Total Forward | Total Defense | Last Minutes Offensive | Last Minutes Defensive |
| 60:42 |
60:42 |
0:00 | 0:00 |
| Extra Forwards |
|---|
| Normal | PowerPlay | Penalty Kill |
|
Joey Anderson, Mitchell Chaffee, Brandon Biro | Joey Anderson, Mitchell Chaffee | Brandon Biro |
| Extra Defensemen |
|---|
| Normal | PowerPlay | Penalty Kill |
|
William Villeneuve, Lucas Carlsson, Derrick Pouliot | William Villeneuve, Lucas Carlsson | Derrick Pouliot |
| Penalty Shots |
|---|
|
Joey Anderson, Mitchell Chaffee, Justin Brazeau, Akil Thomas, Reese Johnson |
| Goalie |
|---|
| Remi Poirier, Erik Portillo |
| Scratches |
|---|
|
Amadeus Lombardi (Healthy), Antti Tuomisto (Healthy), David Reinbacher (Healthy), Gavin Brindley (Healthy), Jack Matier (Healthy)
Jalen Luypen (Healthy), Justin Hryckowian (Healthy), Tristan Allard (Healthy), Artem Shlaine (Healthy), Luke Reid (Healthy)
Max McCue (Healthy), Mitchell Russell (Healthy), Nathan Aspinall (Healthy), Taylor Makar (Healthy), Mason Morelli (Healthy)
Ryan Suzuki (Healthy), Scott Reedy (Healthy), Wyatt Newpower (Healthy), Owen Sillinger (Healthy), Marshall Rifai (Healthy)
Aleksei Kolosov (Healthy), Talyn Boyko (Healthy), Tristan Lennox (Healthy), Jaxson Stauber (Healthy) |
Griffins
| 5 vs 5 Forward |
|---|
| Line # | Left Wing | Center | Right Wing | PHY | DF | OF | Wanted % | Time % | Time Play |
| 1 | T.J. Tynan | Jiri Kulich | Conor Geekie | 0 | 3 | 2 | 35 | 30% | 17:40
|
| 2 | Anton Wahlberg | Cole Schwindt | Emil Heineman | 0 | 3 | 2 | 34 | 31% | 18:00
|
| 3 | Mason Geertsen | Francesco Pinelli | Jacob Melanson | 0 | 3 | 2 | 26 | 23% | 13:34
|
| 4 | Tim Gettinger | Keean Washkurak | Brett Chorske | 0 | 3 | 2 | 5 | 15% | 8:44
|
| 5 vs 5 Defense |
|---|
| Line # | Defense | Defense | | PHY | DF | OF | Wanted % | Time % | Time Play |
| 1 | Topias Vilen | Jacob MacDonald | | 0 | 3 | 2 | 35 | 34% | 19:42
|
| 2 | Elias Petterssen 2 | Sam Rinzel | | 0 | 3 | 2 | 34 | 36% | 20:55
|
| 3 | Aaron Ness | Xavier Bernard | | 0 | 3 | 2 | 26 | 27% | 15:33
|
| 4 | Topias Vilen | Jacob MacDonald | | 0 | 3 | 2 | 5 | 3% | 1:48
|
| Power Play Forward |
|---|
| Line # | Left Wing | Center | Right Wing | PHY | DF | OF | Wanted % | Time % | Time Play |
| 1 | T.J. Tynan | Jiri Kulich | Conor Geekie | 1 | 0 | 4 | 53 | 100% | 0:03
|
| 2 | Anton Wahlberg | Cole Schwindt | Emil Heineman | 1 | 0 | 4 | 47 | 0% | 0:00
|
| Power Play Defense |
|---|
| Line # | Defense | Defense | | PHY | DF | OF | Wanted % | Time % | Time Play |
| 1 | Topias Vilen | Jacob MacDonald | | 0 | 1 | 4 | 53 | 100% | 0:03
|
| 2 | Elias Petterssen 2 | Sam Rinzel | | 0 | 1 | 4 | 47 | 0% | 0:00
|
| Penalty Kill 4 Players Forward |
|---|
| Line # | Center | Wing | PHY | DF | OF | Wanted % | Time % | Time Play |
| 1 | Cole Schwindt | Emil Heineman | 1 | 3 | 1 | 55 | 64% | 1:16
|
| 2 | Jiri Kulich | Conor Geekie | 1 | 3 | 1 | 45 | 36% | 0:43
|
| Penalty Kill 4 Players Defense |
|---|
| Line # | Defense | Defense | PHY | DF | OF | Wanted % | Time % | Time Play |
| 1 | Topias Vilen | Jacob MacDonald | 1 | 3 | 1 | 55 | 55% | 1:05
|
| 2 | Aaron Ness | Sam Rinzel | 1 | 3 | 1 | 45 | 45% | 0:54
|
| Penalty Kill 3 Players |
|---|
| Line # | Wing | PHY | DF | OF | Wanted % | Time % | Time Play | Defense | Defense | PHY | DF | OF | Wanted % | Time % | Time Play |
| 1 | Cole Schwindt | 1 | 3 | 1 | 55 | 0% | 0:00
| Topias Vilen | Jacob MacDonald | 1 | 3 | 1 | 55 | 0% | 0:00
|
| 2 | Jiri Kulich | 1 | 3 | 1 | 45 | 0% | 0:00
| Aaron Ness | Sam Rinzel | 1 | 3 | 1 | 45 | 0% | 0:00
|
| 4 vs 4 Forward |
|---|
| Line # | Center | Wing | PHY | DF | OF | Wanted % | Time % | Time Play |
| 1 | Jiri Kulich | Conor Geekie | 0 | 3 | 2 | 60 | 88% | 0:37
|
| 2 | Cole Schwindt | Emil Heineman | 0 | 3 | 2 | 40 | 12% | 0:05
|
| 4 vs 4 Defense |
|---|
| Line # | Defense | | PHY | DF | OF | Wanted % | Time % | Time Play |
| 1 | Topias Vilen | Jacob MacDonald | 1 | 2 | 2 | 60 | 81% | 60% - 0:34
|
| 2 | Elias Petterssen 2 | Sam Rinzel | 1 | 2 | 2 | 40 | 19% | 40% - 0:08
|
| Last Minutes Offensive |
|---|
| Left Wing | Center | Right Wing | Defense | Defense |
| Jiri Kulich | Cole Schwindt | Conor Geekie | Jacob MacDonald | Sam Rinzel |
| Last Minutes Defensive |
|---|
| Left Wing | Center | Right Wing | Defense | Defense |
| Emil Heineman | Cole Schwindt | Jiri Kulich | Topias Vilen | Jacob MacDonald |
| Time |
|---|
| Total Forward | Total Defense | Last Minutes Offensive | Last Minutes Defensive |
| 60:42 |
60:42 |
0:00 | 0:00 |
| Extra Forwards |
|---|
| Normal | PowerPlay | Penalty Kill |
|
Cole Schwindt, Jiri Kulich, Conor Geekie | Jacob Melanson, Francesco Pinelli | Anton Wahlberg |
| Extra Defensemen |
|---|
| Normal | PowerPlay | Penalty Kill |
|
Jacob MacDonald, Sam Rinzel, Topias Vilen | Aaron Ness, Xavier Bernard | Elias Petterssen 2 |
| Penalty Shots |
|---|
|
Jiri Kulich, Jacob MacDonald, Emil Heineman, Cole Schwindt, Conor Geekie |
| Goalie |
|---|
| Sebastian Cossa, James Reimer |
| Scratches |
|---|
|
Danny Zhilkin (Healthy), Gavin Hain (Healthy), Brandon Coe (Healthy), Jacob Perreault (Healthy), Tory Dello (Healthy)
Reece Newkirk (Healthy), Ronan Seeley (Healthy), Tyrel Bauer (Healthy), Martin Jones (Healthy), Jakub Skarek (Healthy)
Jan Bednar (Healthy), Mads Sogaard (Healthy) |
Play-by-Play
1st period
0:01 of 1st period - Jiri Kulich wins face-off versus Akil Thomas in neutral zone.
0:12 of 1st period - Snap shot by Jiri Kulich.
0:12 of 1st period - Shot Misses the Net.
0:26 of 1st period - Topias Vilen is hit by Egor Sokolov and loses puck.
0:31 of 1st period - Snap shot by Justin Brazeau.
0:31 of 1st period - Stopped by Sebastian Cossa with a rebound.
0:33 of 1st period - Wrist shot by Derrick Pouliot.
0:33 of 1st period - Shot Blocked by Jacob MacDonald.
0:35 of 1st period - Snap shot by Justin Brazeau.
0:35 of 1st period - Shot Blocked by Cole Schwindt.
0:37 of 1st period - Wrist shot by Justin Brazeau.
0:37 of 1st period - Stopped by Sebastian Cossa without a rebound.
0:38 of 1st period - Lucas Condotta wins face-off versus Francesco Pinelli in Griffins zone.
0:45 of 1st period - Backhand shot by Joey Anderson.
0:45 of 1st period - Shot Misses the Net.
1:45 of 1st period - Xavier Bernard is hit by Derrick Pouliot and loses puck.
1:56 of 1st period - Mitchell Chaffee is hit by Mason Geertsen and loses puck.
2:37 of 1st period - Slapshot by Jacob MacDonald.
2:37 of 1st period - Deflect By Anton Wahlberg.
2:37 of 1st period - Stopped by Remi Poirier with a rebound.
4:25 of 1st period - Justin Brazeau is hit by Xavier Bernard and loses puck.
4:32 of 1st period - Wrist shot by Jiri Kulich.
4:32 of 1st period - Shot Misses the Net.
4:44 of 1st period - Akil Thomas is hit by Emil Heineman and loses puck.
4:48 of 1st period - Icing by Brandon Biro.
4:49 of 1st period - Cole Schwindt wins face-off versus Akil Thomas in Silver Knights zone.
5:08 of 1st period - Off-side.
5:09 of 1st period - Jiri Kulich wins face-off versus Joey Anderson in neutral zone.
5:20 of 1st period - Snap shot by Jiri Kulich.
5:20 of 1st period - Shot Misses the Net.
5:22 of 1st period - Snap shot by Jiri Kulich.
5:22 of 1st period - Deflect By Conor Geekie.
5:22 of 1st period - Shot Blocked by Justin Brazeau.
5:22 of 1st period - Puck is out of play.
5:23 of 1st period - Lucas Condotta wins face-off versus Francesco Pinelli in Silver Knights zone.
5:40 of 1st period - Lucas Condotta is hit by Jacob Melanson and loses puck.
6:02 of 1st period - Slapshot by Joey Anderson.
6:02 of 1st period - Shot Misses the Net.
6:04 of 1st period - Slapshot by Brandon Biro.
6:04 of 1st period - Stopped by Sebastian Cossa with a rebound.
6:06 of 1st period - Snap shot by Joey Anderson.
6:06 of 1st period - Stopped by Sebastian Cossa without a rebound.
6:07 of 1st period - Reese Johnson wins face-off versus Jiri Kulich in Griffins zone.
6:32 of 1st period - Sam Rinzel is hit by Joey Anderson and loses puck.
7:13 of 1st period - Slapshot by Sam Rinzel.
7:13 of 1st period - Shot Misses the Net.
7:15 of 1st period - Snap shot by Keean Washkurak.
7:15 of 1st period - Stopped by Remi Poirier without a rebound.
7:16 of 1st period - Keean Washkurak wins face-off versus Reese Johnson in Silver Knights zone.
7:33 of 1st period - Emil Heineman is hit by Joey Anderson and loses puck.
7:52 of 1st period - T.J. Tynan is hit by Joey Anderson and loses puck.
8:32 of 1st period - Wrist shot by Brandon Biro.
8:32 of 1st period - Deflect By Emil Heineman.
8:32 of 1st period - Shot Blocked by Anton Wahlberg.
8:32 of 1st period - Puck is out of play.
8:33 of 1st period - Cole Schwindt wins face-off versus Akil Thomas in Griffins zone.
8:43 of 1st period - Off-side.
8:44 of 1st period - Akil Thomas wins face-off versus Jiri Kulich in neutral zone.
8:49 of 1st period - Mitchell Chaffee is hit by Jacob MacDonald.
9:11 of 1st period - Cole Schwindt is hit by Reese Johnson.
9:36 of 1st period - Francesco Pinelli is hit by Lucas Carlsson.
9:56 of 1st period - Keean Washkurak is hit by Brandon Biro and loses puck.
10:11 of 1st period - Snap shot by Jiri Kulich.
10:11 of 1st period - Shot Blocked by Emil Andrae.
10:33 of 1st period - Off-side.
10:34 of 1st period - Lucas Condotta wins face-off versus Francesco Pinelli in neutral zone.
10:37 of 1st period - Mason Geertsen is hit by Akil Thomas and loses puck.
11:03 of 1st period - Off-side.
11:04 of 1st period - Reese Johnson wins face-off versus Cole Schwindt in neutral zone.
11:07 of 1st period - Snap shot by Egor Sokolov.
11:07 of 1st period - Shot Misses the Net.
11:09 of 1st period - Wrist shot by Egor Sokolov.
11:09 of 1st period - Stopped by Sebastian Cossa with a rebound.
11:11 of 1st period - Slapshot by Emil Andrae.
11:11 of 1st period - Stopped by Sebastian Cossa with a rebound.
11:13 of 1st period - Slapshot by Drew Helleson.
11:13 of 1st period - Stopped by Sebastian Cossa with a rebound.
12:29 of 1st period - Brandon Biro is hit by Brett Chorske and loses puck.
13:06 of 1st period - Icing by Egor Sokolov.
13:07 of 1st period - Jiri Kulich wins face-off versus Reese Johnson in Silver Knights zone.
13:08 of 1st period - Snap shot by T.J. Tynan.
13:08 of 1st period - Stopped by Remi Poirier with a rebound.
13:32 of 1st period - Slapshot by Emil Heineman.
13:32 of 1st period - Stopped by Remi Poirier with a rebound.
13:34 of 1st period - Wrist shot by Emil Heineman.
13:34 of 1st period - Stopped by Remi Poirier without a rebound.
13:35 of 1st period - Reese Johnson wins face-off versus Jiri Kulich in Silver Knights zone.
13:47 of 1st period - Snap shot by Jiri Kulich.
13:47 of 1st period - Stopped by Remi Poirier without a rebound.
13:48 of 1st period - Akil Thomas wins face-off versus Jiri Kulich in Silver Knights zone.
14:29 of 1st period - Elias Petterssen 2 is hit by Egor Sokolov and loses puck.
14:42 of 1st period - Wrist shot by Lucas Condotta.
14:42 of 1st period - Shot Blocked by Cole Schwindt.
15:00 of 1st period - Jacob MacDonald is hit by Egor Sokolov and loses puck.
15:43 of 1st period - Wrist shot by Tim Gettinger.
15:43 of 1st period - Stopped by Remi Poirier without a rebound.
15:44 of 1st period - Egor Sokolov wins face-off versus Keean Washkurak in Silver Knights zone.
16:11 of 1st period - Joey Anderson is hit by Conor Geekie and loses puck.
18:05 of 1st period - Snap shot by T.J. Tynan.
18:05 of 1st period - Shot Blocked by Lucas Condotta.
18:07 of 1st period - Slapshot by Sam Rinzel.
18:07 of 1st period - Shot Misses the Net.
18:24 of 1st period - Off-side.
18:25 of 1st period - Francesco Pinelli wins face-off versus Akil Thomas in neutral zone.
Goals for this period are 0 for Silver Knights vs 0 for Griffins.
Shots for this period are 7 for Silver Knights vs 7 for Griffins.
2nd period
0:01 of 2nd period - Cole Schwindt wins face-off versus Akil Thomas in neutral zone.
0:06 of 2nd period - Snap shot by Emil Heineman.
0:06 of 2nd period - Stopped by Remi Poirier without a rebound.
0:07 of 2nd period - Akil Thomas wins face-off versus Cole Schwindt in Silver Knights zone.
0:29 of 2nd period - Off-side.
0:30 of 2nd period - Jiri Kulich wins face-off versus Reese Johnson in neutral zone.
0:55 of 2nd period - Jacob Melanson is hit by Akil Thomas and loses puck.
1:06 of 2nd period - Icing by Derrick Pouliot.
1:07 of 2nd period - Akil Thomas wins face-off versus Jiri Kulich in Silver Knights zone.
1:14 of 2nd period - Off-side.
1:15 of 2nd period - Joey Anderson wins face-off versus Conor Geekie in neutral zone.
1:54 of 2nd period - Sam Rinzel is hit by Reese Johnson.
2:04 of 2nd period - Lucas Condotta is hit by Francesco Pinelli and loses puck.
2:27 of 2nd period - Snap shot by Jiri Kulich.
2:27 of 2nd period - Stopped by Remi Poirier without a rebound.
2:28 of 2nd period - Akil Thomas wins face-off versus Jiri Kulich in Silver Knights zone.
2:33 of 2nd period - Wrist shot by Akil Thomas.
2:33 of 2nd period - Shot Blocked by Topias Vilen.
2:35 of 2nd period - Snap shot by William Villeneuve.
2:35 of 2nd period - Stopped by Sebastian Cossa without a rebound.
2:36 of 2nd period - Reese Johnson wins face-off versus Cole Schwindt in Griffins zone.
2:39 of 2nd period - Slapshot by Justin Brazeau.
2:39 of 2nd period - Stopped by Sebastian Cossa with a rebound.
2:41 of 2nd period - Slapshot by Lucas Carlsson.
2:41 of 2nd period - Shot Misses the Net.
2:43 of 2nd period - Slapshot by Lucas Carlsson.
2:43 of 2nd period - Shot Blocked by Jacob MacDonald.
2:45 of 2nd period - Slapshot by Justin Brazeau.
2:45 of 2nd period - Stopped by Sebastian Cossa without a rebound.
2:46 of 2nd period - Cole Schwindt wins face-off versus Reese Johnson in Griffins zone.
3:04 of 2nd period - Wrist shot by Cole Schwindt.
3:04 of 2nd period - Stopped by Remi Poirier with a rebound.
3:06 of 2nd period - Wrist shot by Cole Schwindt.
3:06 of 2nd period - Shot Misses the Net.
3:08 of 2nd period - Slapshot by Topias Vilen.
3:08 of 2nd period - Shot Misses the Net.
3:20 of 2nd period - Slapshot by Emil Heineman.
3:20 of 2nd period - Stopped by Remi Poirier with a rebound.
3:22 of 2nd period - Wrist shot by Emil Heineman.
3:22 of 2nd period - Stopped by Remi Poirier with a rebound.
3:56 of 2nd period - Snap shot by Justin Brazeau.
3:56 of 2nd period - Shot Misses the Net.
4:08 of 2nd period - Snap shot by Reese Johnson.
4:08 of 2nd period - Shot Misses the Net.
4:22 of 2nd period - Wrist shot by Justin Brazeau.
4:22 of 2nd period - Goal by Justin Brazeau - Silver Knights : 1 - Griffins : 0.
4:23 of 2nd period - Jiri Kulich wins face-off versus Akil Thomas in neutral zone.
4:57 of 2nd period - Snap shot by Joey Anderson.
4:57 of 2nd period - Goal by Joey Anderson - Silver Knights : 2 - Griffins : 0.
4:58 of 2nd period - Jiri Kulich wins face-off versus Akil Thomas in neutral zone.
5:07 of 2nd period - Slapshot by Jiri Kulich.
5:07 of 2nd period - Stopped by Remi Poirier with a rebound.
5:09 of 2nd period - Wrist shot by Conor Geekie.
5:09 of 2nd period - Shot Misses the Net.
5:11 of 2nd period - Slapshot by Elias Petterssen 2.
5:11 of 2nd period - Deflect By Conor Geekie.
5:11 of 2nd period - Stopped by Remi Poirier with a rebound.
5:13 of 2nd period - Snap shot by Elias Petterssen 2.
5:13 of 2nd period - Shot Blocked by Akil Thomas.
5:39 of 2nd period - Snap shot by Egor Sokolov.
5:39 of 2nd period - Shot Misses the Net.
6:07 of 2nd period - Snap shot by Conor Geekie.
6:07 of 2nd period - Shot Blocked by Mitchell Chaffee.
6:14 of 2nd period - Icing by Roland McKeown.
6:15 of 2nd period - Akil Thomas wins face-off versus Francesco Pinelli in Silver Knights zone.
6:30 of 2nd period - Snap shot by Emil Heineman.
6:30 of 2nd period - Shot Misses the Net.
6:39 of 2nd period - Snap shot by Emil Heineman.
6:39 of 2nd period - Shot Misses the Net.
6:41 of 2nd period - Slapshot by Jacob MacDonald.
6:41 of 2nd period - Shot Misses the Net.
7:05 of 2nd period - Icing by Emil Andrae.
7:06 of 2nd period - Akil Thomas wins face-off versus Francesco Pinelli in Silver Knights zone.
7:19 of 2nd period - Wrist shot by Egor Sokolov.
7:19 of 2nd period - Deflect By Justin Brazeau.
7:19 of 2nd period - Stopped by Sebastian Cossa with a rebound.
7:34 of 2nd period - Off-side.
7:35 of 2nd period - Jiri Kulich wins face-off versus Lucas Condotta in neutral zone.
7:38 of 2nd period - Snap shot by Conor Geekie.
7:38 of 2nd period - Shot Misses the Net.
7:40 of 2nd period - Slapshot by Jacob MacDonald.
7:40 of 2nd period - Deflect By Joey Anderson.
7:40 of 2nd period - Stopped by Remi Poirier without a rebound.
7:41 of 2nd period - Lucas Condotta wins face-off versus Jiri Kulich in Silver Knights zone.
7:54 of 2nd period - Slapshot by T.J. Tynan.
7:54 of 2nd period - Goal by T.J. Tynan - Silver Knights : 2 - Griffins : 1.
7:55 of 2nd period - Francesco Pinelli wins face-off versus Joey Anderson in neutral zone.
8:00 of 2nd period - Slapshot by Sam Rinzel.
8:00 of 2nd period - Shot Misses the Net.
8:02 of 2nd period - Wrist shot by Jacob Melanson.
8:02 of 2nd period - Shot Misses the Net.
8:04 of 2nd period - Wrist shot by Francesco Pinelli.
8:04 of 2nd period - Shot Blocked by Joey Anderson.
8:06 of 2nd period - Snap shot by Jacob Melanson.
8:06 of 2nd period - Stopped by Remi Poirier with a rebound.
8:08 of 2nd period - Snap shot by Sam Rinzel.
8:08 of 2nd period - Shot Blocked by Joey Anderson.
8:10 of 2nd period - Snap shot by Elias Petterssen 2.
8:10 of 2nd period - Shot Misses the Net.
8:43 of 2nd period - Slapshot by Jacob MacDonald.
8:43 of 2nd period - Deflect By Tim Gettinger.
8:43 of 2nd period - Shot Misses the Net.
8:43 of 2nd period - Puck is out of play.
8:44 of 2nd period - Keean Washkurak wins face-off versus Lucas Condotta in Silver Knights zone.
8:59 of 2nd period - Snap shot by Topias Vilen.
8:59 of 2nd period - Stopped by Remi Poirier with a rebound.
9:01 of 2nd period - Snap shot by Conor Geekie.
9:01 of 2nd period - Shot Misses the Net.
9:03 of 2nd period - Slapshot by Jacob MacDonald.
9:03 of 2nd period - Stopped by Remi Poirier with a rebound.
9:05 of 2nd period - Slapshot by Jacob MacDonald.
9:05 of 2nd period - Shot Blocked by Drew Helleson.
9:07 of 2nd period - Slapshot by Topias Vilen.
9:07 of 2nd period - Stopped by Remi Poirier with a rebound.
9:09 of 2nd period - Wrist shot by Topias Vilen.
9:09 of 2nd period - Shot Blocked by Emil Andrae.
9:11 of 2nd period - Snap shot by Jiri Kulich.
9:11 of 2nd period - Stopped by Remi Poirier without a rebound.
9:12 of 2nd period - Francesco Pinelli wins face-off versus Lucas Condotta in Silver Knights zone.
9:19 of 2nd period - Snap shot by Brandon Biro.
9:19 of 2nd period - Shot Blocked by Jacob Melanson.
9:21 of 2nd period - Slapshot by Joey Anderson.
9:21 of 2nd period - Shot Misses the Net.
9:39 of 2nd period - Sam Rinzel is hit by Justin Brazeau and loses puck.
10:22 of 2nd period - Jacob Melanson is hit by Reese Johnson and loses puck.
10:55 of 2nd period - Snap shot by Emil Heineman.
10:55 of 2nd period - Stopped by Remi Poirier without a rebound.
10:56 of 2nd period - Jiri Kulich wins face-off versus Lucas Condotta in Silver Knights zone.
10:57 of 2nd period - Snap shot by T.J. Tynan.
10:57 of 2nd period - Shot Blocked by Derrick Pouliot.
11:43 of 2nd period - T.J. Tynan is hit by Mitchell Chaffee and loses puck.
13:53 of 2nd period - Derrick Pouliot is hit by Tim Gettinger and loses puck.
13:58 of 2nd period - Backhand shot by Keean Washkurak.
13:58 of 2nd period - Stopped by Remi Poirier with a rebound.
14:00 of 2nd period - Snap shot by Brett Chorske.
14:00 of 2nd period - Shot Misses the Net.
14:30 of 2nd period - Reese Johnson is hit by Xavier Bernard and loses puck.
15:09 of 2nd period - Snap shot by Jiri Kulich.
15:09 of 2nd period - Shot Misses the Net.
15:29 of 2nd period - Drew Helleson is hit by Emil Heineman and loses puck.
16:09 of 2nd period - Snap shot by Brett Chorske.
16:09 of 2nd period - Shot Misses the Net.
16:46 of 2nd period - Roland McKeown is hit by Sam Rinzel and loses puck.
16:56 of 2nd period - Minor Penalty to Mason Geertsen for Roughing.
16:57 of 2nd period - Reese Johnson wins face-off versus Cole Schwindt in Griffins zone.
17:00 of 2nd period - Slapshot by Reese Johnson.
17:00 of 2nd period - Shot Misses the Net.
17:02 of 2nd period - Snap shot by Drew Helleson.
17:02 of 2nd period - Stopped by Sebastian Cossa with a rebound.
17:04 of 2nd period - Wrist shot by Emil Andrae.
17:04 of 2nd period - Shot Misses the Net.
17:14 of 2nd period - Emil Andrae is hit by Cole Schwindt.
18:26 of 2nd period - Anton Wahlberg is hit by Brandon Biro and loses puck.
18:43 of 2nd period - Egor Sokolov is hit by Jacob MacDonald and loses puck.
18:56 of 2nd period - Penalty to Mason Geertsen is over, Mason Geertsen is back on ice.
19:07 of 2nd period - Mason Geertsen is hit by Joey Anderson and loses puck.
19:24 of 2nd period - Snap shot by Keean Washkurak.
19:24 of 2nd period - Shot Misses the Net.
19:26 of 2nd period - Snap shot by Tim Gettinger.
19:26 of 2nd period - Shot Blocked by Brandon Biro.
19:28 of 2nd period - Wrist shot by Brett Chorske.
19:28 of 2nd period - Shot Blocked by Lucas Condotta.
19:30 of 2nd period - Snap shot by Tim Gettinger.
19:30 of 2nd period - Stopped by Remi Poirier without a rebound.
19:31 of 2nd period - Reese Johnson wins face-off versus Jiri Kulich in Silver Knights zone.
19:42 of 2nd period - Lucas Condotta is hit by Mason Geertsen.
19:48 of 2nd period - Slapshot by Jacob Melanson.
19:48 of 2nd period - Stopped by Remi Poirier with a rebound.
19:52 of 2nd period - Snap shot by Jacob Melanson.
19:52 of 2nd period - Shot Hit the Post.
Goals for this period are 2 for Silver Knights vs 1 for Griffins.
Shots for this period are 7 for Silver Knights vs 18 for Griffins.
3rd period
0:01 of 3rd period - Akil Thomas wins face-off versus Jiri Kulich in neutral zone.
0:28 of 3rd period - Slapshot by Jacob MacDonald.
0:28 of 3rd period - Shot Misses the Net.
1:03 of 3rd period - Wrist shot by Francesco Pinelli.
1:03 of 3rd period - Stopped by Remi Poirier with a rebound.
1:13 of 3rd period - Brett Chorske is hit by Akil Thomas and loses puck.
2:19 of 3rd period - Emil Andrae is hit by T.J. Tynan and loses puck.
2:34 of 3rd period - Aaron Ness is hit by Justin Brazeau and loses puck.
3:31 of 3rd period - Akil Thomas is hit by Francesco Pinelli and loses puck.
4:30 of 3rd period - Derrick Pouliot is hit by Sam Rinzel and loses puck.
4:37 of 3rd period - Elias Petterssen 2 is hit by Lucas Condotta and loses puck.
6:14 of 3rd period - Derrick Pouliot is hit by Emil Heineman and loses puck.
6:39 of 3rd period - Reese Johnson is hit by Keean Washkurak and loses puck.
6:46 of 3rd period - Slapshot by Brett Chorske.
6:46 of 3rd period - Goal by Brett Chorske - Silver Knights : 2 - Griffins : 2.
6:47 of 3rd period - Lucas Condotta wins face-off versus Jiri Kulich in neutral zone.
6:52 of 3rd period - Wrist shot by Brandon Biro.
6:52 of 3rd period - Stopped by Sebastian Cossa with a rebound.
6:54 of 3rd period - Slapshot by Drew Helleson.
6:54 of 3rd period - Stopped by Sebastian Cossa with a rebound.
6:56 of 3rd period - Wrist shot by Lucas Condotta.
6:56 of 3rd period - Shot Misses the Net.
6:58 of 3rd period - Snap shot by Joey Anderson.
6:58 of 3rd period - Shot Misses the Net.
7:12 of 3rd period - Wrist shot by Egor Sokolov.
7:12 of 3rd period - Stopped by Sebastian Cossa without a rebound.
7:13 of 3rd period - Cole Schwindt wins face-off versus Akil Thomas in Griffins zone.
7:20 of 3rd period - Wrist shot by Cole Schwindt.
7:20 of 3rd period - Shot Misses the Net.
7:36 of 3rd period - Jacob MacDonald is hit by Reese Johnson and loses puck.
7:49 of 3rd period - Slapshot by Cole Schwindt.
7:49 of 3rd period - Shot Misses the Net.
7:51 of 3rd period - Snap shot by Anton Wahlberg.
7:51 of 3rd period - Shot Misses the Net.
7:53 of 3rd period - Wrist shot by Emil Heineman.
7:53 of 3rd period - Stopped by Remi Poirier with a rebound.
7:55 of 3rd period - Slapshot by Xavier Bernard.
7:55 of 3rd period - Deflect By Cole Schwindt.
7:55 of 3rd period - Shot Misses the Net.
7:55 of 3rd period - Puck is out of play.
7:56 of 3rd period - Jiri Kulich wins face-off versus Akil Thomas in Silver Knights zone.
8:10 of 3rd period - Wrist shot by Joey Anderson.
8:10 of 3rd period - Shot Blocked by Topias Vilen.
8:12 of 3rd period - Slapshot by Emil Andrae.
8:12 of 3rd period - Shot Blocked by Jacob MacDonald.
8:24 of 3rd period - Icing by Topias Vilen.
8:25 of 3rd period - Jiri Kulich wins face-off versus Lucas Condotta in Griffins zone.
8:34 of 3rd period - Snap shot by Conor Geekie.
8:34 of 3rd period - Shot Misses the Net.
8:48 of 3rd period - Snap shot by Conor Geekie.
8:48 of 3rd period - Shot Blocked by Roland McKeown.
9:10 of 3rd period - Joey Anderson is hit by Conor Geekie.
9:50 of 3rd period - Backhand shot by Brandon Biro.
9:50 of 3rd period - Stopped by Sebastian Cossa with a rebound.
10:12 of 3rd period - Wrist shot by Brandon Biro.
10:12 of 3rd period - Deflect By Lucas Condotta.
10:12 of 3rd period - Shot Misses the Net.
10:12 of 3rd period - Puck is out of play.
10:13 of 3rd period - Cole Schwindt wins face-off versus Reese Johnson in Griffins zone.
10:44 of 3rd period - Jacob Melanson is hit by Mitchell Chaffee and loses puck.
11:07 of 3rd period - Slapshot by Keean Washkurak.
11:07 of 3rd period - Shot Blocked by William Villeneuve.
11:29 of 3rd period - Wrist shot by Emil Heineman.
11:29 of 3rd period - Stopped by Remi Poirier with a rebound.
13:48 of 3rd period - Drew Helleson is hit by Topias Vilen.
14:17 of 3rd period - Icing by Jacob MacDonald.
14:18 of 3rd period - Francesco Pinelli wins face-off versus Reese Johnson in Griffins zone.
14:40 of 3rd period - Mitchell Chaffee is hit by Cole Schwindt and loses puck.
15:07 of 3rd period - Derrick Pouliot is hit by Jiri Kulich and loses puck.
15:39 of 3rd period - Icing by Sam Rinzel.
15:40 of 3rd period - Reese Johnson wins face-off versus Francesco Pinelli in Griffins zone.
17:59 of 3rd period - Mitchell Chaffee is hit by Anton Wahlberg and loses puck.
18:45 of 3rd period - Icing by Elias Petterssen 2.
18:46 of 3rd period - Francesco Pinelli wins face-off versus Lucas Condotta in Griffins zone.
18:55 of 3rd period - Snap shot by Francesco Pinelli.
18:55 of 3rd period - Shot Misses the Net.
19:01 of 3rd period - Snap shot by Mason Geertsen.
19:01 of 3rd period - Shot Blocked by Scott Morrow.
19:39 of 3rd period - Slapshot by Elias Petterssen 2.
19:39 of 3rd period - Shot Misses the Net.
19:41 of 3rd period - Snap shot by Conor Geekie.
19:41 of 3rd period - Stopped by Remi Poirier without a rebound.
19:42 of 3rd period - Jiri Kulich wins face-off versus Justin Brazeau in Silver Knights zone.
19:49 of 3rd period - Slapshot by Derrick Pouliot.
19:49 of 3rd period - Deflect By Jiri Kulich.
19:49 of 3rd period - Stopped by Sebastian Cossa with a rebound.
19:56 of 3rd period - Minor Penalty to Reese Johnson for Tripping.
19:57 of 3rd period - Joey Anderson wins face-off versus Jiri Kulich in Silver Knights zone.
Goals for this period are 0 for Silver Knights vs 1 for Griffins.
Shots for this period are 5 for Silver Knights vs 5 for Griffins.
Overtime #1
0:01 of 1st overtime period - Jiri Kulich wins face-off versus Joey Anderson in neutral zone.
0:42 of 1st overtime period - Wrist shot by Mitchell Chaffee.
0:42 of 1st overtime period - Goal by Mitchell Chaffee - Silver Knights : 3 - Griffins : 2.
Goals for this period are 1 for Silver Knights vs 0 for Griffins.
Shots for this period are 1 for Silver Knights vs 0 for Griffins.